 Dungeon Crawl Stone Soup version 0.32-a0-931-g5a2cda0630 (webtiles) character file.

Game seed: 11502270568933964575

44 runemasterragnar the Shooter (level 3, -6/28 HPs)
             Began as a Coglin Hunter on Apr 13, 2024.
             Mangled by Sigmund
             ... wielding a +0 scythe
              (9 damage)
             ... on level 2 of the Dungeon.
             The game lasted 00:00:39 (1226 turns).

runemasterragnar the Shooter (Coglin Hunter)        Turns: 1226, Time: 00:00:39

Health: -6/28      AC:  3    Str: 11    XL:     3   Next: 60%
Magic:  3/3        EV: 11    Int:  8    God:
Gold:   33         SH:  0    Dex: 19    Spells: 2/2 levels left

rFire   . . .        a - +2 sling {Rafael}
rCold   . . .        d - +0 sling {Dalbir}
rNeg    . . .        c - +0 leather armour
rPois   .            (no helmet)
rElec   .            (no cloak)
rCorr   .            (no gloves)
SInv    .            (no boots)
Will    .....        (amulet unavailable)
Stlth   ++           (ring unavailable)
HPRegen 0.24/turn    (ring unavailable)
MPRegen 0.08/turn    (no gizmo)

%: no passive effects
@: attractive, hasted, revved, very quick
A: off-hand wielding, slow wielding, warmup strikes, no jewellery
a: Invent Gizmo


You were on level 2 of the Dungeon.
You visited 1 branch of the dungeon, and saw 2 of its levels.

You collected 33 gold pieces.

Inventory:

Hand Weapons
 a - a +2 sling (weapon) {Rafael}
 d - a +0 sling (offhand) {Dalbir}
Armour
 c - a +0 leather armour (worn)
Scrolls
 b - a scroll of butterflies
 e - 3 scrolls of identify {unknown}
 f - a scroll of noise {unknown}
 g - a scroll of immolation {unknown}
 h - 2 scrolls of fear {unknown}
Potions
 k - a potion of lignification {unknown}


   Skills:
 + Level 2.4 Fighting
 * Level 4.1 Ranged Weapons
 + Level 2.2 Dodging
 + Level 1.4 Stealth


You had 2 spell levels left.
You didn't know any spells.
Your spell library contained the following spells:

 Spells                   Type           Power      Damage    Failure   Level
 Sandblast                Erth           0%         2d4       50%         1
 Stone Arrow              Conj/Erth      0%         3d7       86%         3
 Anguish                  Hex/Necr       0%         N/A       99%         4
 Animate Dead             Necr           0%         N/A       99%         4
 Brom's Barrelling Bould  Conj/Erth      0%         2d3       99%         4
 Passage of Golubria      Tloc           0%         N/A       99%         4
 Dispersal                Tloc           0%         N/A       100%        6


Dungeon Overview and Level Annotations

Branches:
Dungeon (2/15)

Altars:

Annotations:
D:2 1 runed translucent door, Crazy Yiuf, Sigmund


Innate Abilities, Weirdness & Mutations

You can wield a second weapon in your off-hand.
It takes a long time for you to wield or remove held weapons.
Your first few attacks do less damage.
You cannot equip rings or amulets.


Message History

Press: ? - help, Q - select action Shift-Dir - straight line, f/p - Sigmund
Aim: Sigmund, wielding a +0 scythe and wearing a +1 robe of resistance (translocational energy, lightly wounded, 61% to hit)
You shoot a sling bullet.
The sling bullet closely misses Sigmund.
You shoot a sling bullet. The sling bullet hits Sigmund.
Sigmund is moderately wounded.
Sigmund hits you with a +0 scythe.
Unknown command.
It was a potion of haste.
You feel yourself speed up. Sigmund gestures at you while chanting.
You resist with significant effort.
Fire: a) +2 sling {Rafael}
Press: ? - help, Q - select action Shift-Dir - straight line, f/p - Sigmund
Aim: Sigmund, wielding a +0 scythe and wearing a +1 robe of resistance (translocational energy, moderately wounded, 61% to hit)
You shoot a sling bullet. The sling bullet hits Sigmund.
Sigmund is moderately wounded.
You shoot a sling bullet. The sling bullet hits Sigmund.
Sigmund is heavily wounded.
Sigmund points at you and mumbles some strange words.
The magic dart hits you!
* * * LOW HITPOINT WARNING * * *
Unknown command.
Fire: a) +2 sling {Rafael}
Press: ? - help, Q - select action Shift-Dir - straight line, f/p - Sigmund
Aim: Sigmund, wielding a +0 scythe and wearing a +1 robe of resistance (heavily wounded, 61% to hit)
You shoot a sling bullet. The sling bullet hits Sigmund.
Sigmund is severely wounded.
You shoot a sling bullet. The sling bullet hits Sigmund.
Sigmund is severely wounded.
Unknown command.
Fire: a) +2 sling {Rafael}
Press: ? - help, Q - select action Shift-Dir - straight line, f/p - Sigmund
Aim: Sigmund, wielding a +0 scythe and wearing a +1 robe of resistance (severely wounded, 61% to hit)
You shoot a sling bullet. The sling bullet hits Sigmund.
Sigmund is almost dead.
You shoot a sling bullet.
The sling bullet closely misses Sigmund.
Sigmund hits you with a +0 scythe!
You die...
Sigmund begins carving another notch in his scythe.

#.###.#####...####.....
#.# #.# #...# #.....
#.# #.# #...# ######
#.# #.#####...# #.#
#....##...#
#.###..#.######
#........# #####..###
#.@# #..@......
#........! #.........
#......... #.........
#......... #.........


You could see Sigmund.

Vanquished Creatures
  2 adders (D:2)
  A dart slug (D:1)
  2 endoplasms
  4 giant cockroaches
  2 goblins (D:1)
  2 hobgoblins (D:1)
  2 kobolds
  2 ball pythons
  3 bats (D:2)
  2 frilled lizards (D:1)
  3 rats
25 creatures vanquished.

Notes
Turn   | Place    | Note
-------+----------+-------------------------------------------
     0 | D:1      | runemasterragnar the Coglin Hunter began the quest for the
                  | Orb.
     0 | D:1      | Reached XP level 1. HP: 16/16 MP: 1/1
    62 | D:1      | Reached skill level 1 in Stealth
    64 | D:1      | Got the Encyclopedia of the Trees
   139 | D:1      | Reached XP level 2. HP: 19/22 MP: 2/2
   615 | D:2      | Reached skill level 4 in Ranged Weapons
   615 | D:2      | Reached XP level 3. HP: 12/27 MP: 3/3
  1129 | D:2      | Found a runed translucent door.
  1130 | D:2      | Noticed Crazy Yiuf
  1218 | D:2      | Noticed Sigmund
  1226 | D:2      | Mangled by Sigmund

Illustrated notes

Levels and vault maps discovered:
D:1:      ncdulo_smallfort, layout_basic
D:2:      layout_basic, uniq_crazy_yiuf_cottage, uniq_sigmund

Skill      XL: |  1  2 |
---------------+-------+-----
Stealth        | 1 |  1.4
Dodging        | 2 |  2.2
Ranged Weapons | 4 |  4.1
Fighting       | |  2.4

Action                     || total
---------------------------++-------
   Fire: Sling             ||   110
    Use: Potion            ||     2
 Armour: Leather armour    ||    11
  Dodge: Dodged            ||    10

Table legend: (Time is in decaauts)
 A = Elapsed time spent in this place.
 B = Non-inter-level travel time spent in this place.
 C = Inter-level travel time spent in this place.
 D = Time resting spent in this place.
 E = Time spent auto-exploring this place.
 F = Levels seen in this place.
 G = Mean time per level.
                   A        B        C        D        E       F      G
               +--------+--------+--------+--------+--------+-----+--------+
         Total |   1238 |   1224 |     14 |    118 |    980 |   2 |  619.0 |
       Dungeon |   1238 |   1224 |     14 |    118 |    980 |   2 |  619.0 |
               +--------+--------+--------+--------+--------+-----+--------+

Top non-repeatable levels by time:
     D:2: 643 daAuts
     D:1: 595 daAuts
